 Dungeon Crawl Stone Soup version 0.30-a0-222-ge547ba4400 (webtiles) character file.

Game seed: 11811939204201788653

413 qw the Chopper (level 6, 0/38 HPs)
             Began as a Gargoyle Fighter on Oct 8, 2022.
             Slain by a gnoll
             ... wielding a +0 halberd
              (2 damage)
             ... on level 4 of the Dungeon.
             The game lasted 00:01:13 (2973 turns).

qw the Chopper (Gargoyle Fighter)                   Turns: 2973, Time: 00:01:13

Health: 0/38       AC: 11    Str: 22    XL:     6   Next: 90%
Magic:  6/6        EV:  9    Int:  8    God:
Gold:   215        SH:  4    Dex:  9    Spells: 5/5 levels left

rFire   . . .      SeeInvis .    Y - +0 war axe
rCold   . . .      Faith    .    c - +0 buckler
rNeg    + . .      Spirit   .    b - +0 scale mail
rPois   inf        Reflect  .    (no helmet)
rElec   +          Harm     .    (no cloak)
rCorr   .          Rampage  .    (no gloves)
Will    .....                    (no boots)
Stlth   ..........               (no amulet)
HPRegen 0.26/turn                (no ring)
MPRegen 0.10/turn                (no ring)

@: no status effects
A: sickness immunity, AC +4, negative energy resistance 1, electricity
resistance, torment resistance 1, petrification resistance
a: no special abilities


You were on level 4 of the Dungeon.
You visited 1 branch of the dungeon, and saw 4 of its levels.

You collected 215 gold pieces.


Innate Abilities, Weirdness & Mutations

You are immune to sickness and miasma.
Your stone body is resilient. (AC +4)
You are immune to poison.
You resist negative energy. (rN+)
You are resistant to electric shocks. (rElec)
You are resistant to unholy torment.
You are immune to petrification.


   Skills:
 - Level 4.0 Fighting
 - Level 5.9 Axes
 - Level 1.2 Throwing
 - Level 3.2 Armour
 + Level 0.5 Dodging
 - Level 3.2 Shields


You had 5 spell levels left.
You didn't know any spells.
Your spell library was empty.

Inventory:

Hand Weapons
 k - a +0 flail
 Y - a +0 war axe (weapon)
Armour
 b - a +0 scale mail (worn)
 c - a +0 buckler (worn)
Potions
 a - a potion of curing
 d - 2 potions of might
 e - a potion of cancellation
 f - a potion of attraction {unknown}

Dungeon Overview and Level Annotations

Branches:
Dungeon (4/15)
 Temple: D:4-7

Altars:
Kikubaaqudgha

Shops:
D:2 =(


Message History

You slash the gnoll!
The gnoll is almost dead.
You closely miss the adder. The gnoll hits you but does no damage.
The gnoll hits you from afar with a +0 halberd.
The adder bites you but does no damage. x2; You block the gnoll's attack.
The gnoll hits you with a +0 whip.
You slash the gnoll!
You kill the gnoll!
You barely miss the adder. The adder bites you but does no damage.
The gnoll barely misses you.
You miss the adder. The adder closely misses you.
The gnoll hits you from afar with a +0 halberd.
The adder barely misses you.
A dart slug comes into view.
You barely miss the adder. The adder barely misses you.
The gnoll barely misses you. The adder bites you but does no damage.
You hit the adder.
The adder is moderately wounded.
The gnoll barely misses you. The adder barely misses you. The gnoll misses you.
You slash the adder!
You kill the adder!
You block the gnoll's attack. The gnoll hits you with a +0 halberd!
Things that are here:
a +0 flail; an adder corpse; a gnoll corpse You slash the gnoll!
The gnoll is almost dead.
The gnoll hits you with a +0 halberd! The dart slug launches a dart at you.
The slug dart hits you but does no damage.
You barely miss the gnoll.
The gnoll is almost dead.
The gnoll barely misses you.
You closely miss the gnoll.
The gnoll is almost dead.
The gnoll hits you with a +0 halberd.
You die...

#...........
#..................
#...........$......
#<................
##........<...#)#
##.............##.
####.###...........
#...)...[..).......
#..........@.w..#)#
#...........g......
#......(........#.#
#.......####.......
#.......# ....#.#
#.......# .......
#.......# .......
#.......# #......
###..#...


You could see a gnoll and a dart slug.

Vanquished Creatures
  Grinder (D:3)
  Terence (D:3)
  An iguana (D:4)
  3 gnolls (D:4)
  7 adders
  2 worms (D:2)
  4 dart slugs
  An orc (D:3)
  8 endoplasms
  3 giant cockroaches
  4 goblins
  3 hobgoblins
  11 jackals
  4 kobolds (D:2)
  4 quokkas
  4 ball pythons
  4 bats
  4 frilled lizards
  5 rats
74 creatures vanquished.

Notes
Turn   | Place    | Note
-------+----------+-------------------------------------------
     0 | D:1      | qw the Gargoyle Fighter began the quest for the Orb.
     0 | D:1      | Reached XP level 1. HP: 14/14 MP: 1/1
     0 | D:1      | 0 ||| qw: Version: 0.2-a-17-gfa9de96
     0 | D:1      | 0 ||| qw: Game counter: 2007
     0 | D:1      | 0 ||| qw: Always use a shield: true
     0 | D:1      | 0 ||| qw: God list: Okawaru
     0 | D:1      | 0 ||| qw: Allow faded altars: false
     0 | D:1      | 0 ||| qw: Do Orc after D:15 true
     0 | D:1      | 0 ||| qw: Do second Lair branch before Depths: true
     0 | D:1      | 0 ||| qw: Lair rune preference: random
     0 | D:1      | 0 ||| qw: Plans: Normal, Zot:1-4, God:TSO, Crypt, Tomb,
                  | Pan, Slime:5, Hells, Abyss, Orb
     0 | D:1      | 0 ||| PLANNING D:1-11
    61 | D:1      | Reached skill level 2 in Axes
    62 | D:1      | 62 ||| Stepping ~*~*~tactically~*~*~ (stealth).
   139 | D:1      | 139 ||| Stepping ~*~*~tactically~*~*~ (hiding).
   149 | D:1      | Reached XP level 2. HP: 18/19 MP: 2/2
   328 | D:1      | Found a faded altar of an unknown god.
   405 | D:1      | Reached skill level 3 in Axes
   427 | D:1      | Reached XP level 3. HP: 16/23 MP: 3/3
   427 | D:1      | 427 ||| Stepping ~*~*~tactically~*~*~ (stealth).
   663 | D:1      | 663 ||| DROPPING +0 club.
   840 | D:1      | 840 ||| READING scroll labelled YTZYEL BOOCZU.
   841 | D:1      | 841 ||| READING scroll labelled NARHOA ROIL.
   842 | D:1      | 842 ||| READING scroll labelled SEKAACW SIEMA.
   890 | D:2      | 890 ||| STAIRDANCE
   998 | D:2      | 998 ||| Stepping ~*~*~tactically~*~*~ (stealth).
  1005 | D:2      | 1005 ||| Stepping ~*~*~tactically~*~*~ (stealth).
  1053 | D:2      | Reached XP level 4. HP: 28/28 MP: 4/4
  1196 | D:2      | Found an ancient bone altar of Kikubaaqudgha.
  1219 | D:2      | Found Podd's Jewellery Boutique.
  1319 | D:2      | 1319 ||| SHOPLISTING +4 ring of protection (396 gold, have
                  | 111).
  1319 | D:2      | 1319 ||| SHOPLISTING ring of fire (275 gold, have 111).
  1319 | D:2      | 1319 ||| SHOPLISTING ring of resist corrosion (220 gold,
                  | have 111).
  1384 | D:2      | Found Gowyw's Weapon Shoppe.
  1399 | D:2      | Reached skill level 4 in Axes
  1708 | D:2      | 1708 ||| READING scroll labelled ICIYBE METH.
  1712 | D:2      | 1712 ||| READING scroll labelled HAETRIA HEREZUADEK.
  1713 | D:2      | 1713 ||| DRINKING 2 red potions.
  1814 | D:2      | 1814 ||| DRINKING 2 inky potions.
  1815 | D:2      | 1815 ||| DROPPING potion of ambrosia.
  1840 | D:3      | 1840 ||| Stepping ~*~*~tactically~*~*~ (stealth).
  1880 | D:3      | 1880 ||| Stepping ~*~*~tactically~*~*~ (stealth).
  1881 | D:3      | 1881 ||| Stepping ~*~*~tactically~*~*~ (stealth).
  1886 | D:3      | 1886 ||| Stepping ~*~*~tactically~*~*~ (stealth).
  2060 | D:3      | 2060 ||| Stepping ~*~*~tactically~*~*~ (stealth).
  2065 | D:3      | 2065 ||| Stepping ~*~*~tactically~*~*~ (stealth).
  2109 | D:3      | 2109 ||| Stepping ~*~*~tactically~*~*~ (stealth).
  2229 | D:3      | 2229 ||| Stepping ~*~*~tactically~*~*~ (stealth).
  2266 | D:3      | 2266 ||| DROPPING +0 mace.
  2270 | D:3      | 2270 ||| Stepping ~*~*~tactically~*~*~ (stealth).
  2283 | D:3      | Reached skill level 1 in Throwing
  2283 | D:3      | Reached XP level 5. HP: 32/32 MP: 5/5
  2311 | D:3      | Noticed Terence
  2313 | D:3      | 2313 ||| Stepping ~*~*~tactically~*~*~ (hiding).
  2319 | D:3      | Killed Terence
  2457 | D:3      | Noticed Grinder
  2458 | D:3      | Paralysed by Grinder for 3 turns
  2473 | D:3      | 2473 ||| FLEEEEING.
  2484 | D:3      | 2484 ||| FLEEEEING.
  2489 | D:3      | 2489 ||| FLEEEEING.
  2490 | D:3      | 2490 ||| FLEEEEING.
  2491 | D:3      | 2491 ||| FLEEEEING.
  2492 | D:3      | 2492 ||| FLEEEEING.
  2493 | D:3      | 2493 ||| FLEEEEING.
  2494 | D:3      | 2494 ||| FLEEEEING.
  2495 | D:3      | 2495 ||| FLEEEEING.
  2496 | D:3      | 2496 ||| FLEEEEING.
  2497 | D:3      | 2497 ||| FLEEEEING.
  2498 | D:3      | 2498 ||| FLEEEEING.
  2499 | D:3      | 2499 ||| FLEEEEING.
  2500 | D:3      | 2500 ||| FLEEEEING.
  2501 | D:3      | 2501 ||| FLEEEEING.
  2511 | D:3      | 2511 ||| STAIRDANCE
  2551 | D:2      | 2551 ||| READING scroll labelled TUMPUKL YMYDDIRPH.
  2552 | D:2      | 2552 ||| READING scroll labelled NOKURIEPLO.
  2553 | D:2      | 2553 ||| READING 2 scrolls labelled GETATW IWAOF.
  2554 | D:2      | 2554 ||| DRINKING 2 murky red potions.
  2555 | D:2      | 2555 ||| DROPPING scroll of immolation.
  2571 | D:3      | 2571 ||| Stepping ~*~*~tactically~*~*~ (hiding).
  2572 | D:3      | 2572 ||| Stepping ~*~*~tactically~*~*~ (hiding).
  2575 | D:3      | 2575 ||| Stepping ~*~*~tactically~*~*~ (hiding).
  2589 | D:3      | HP: 7/32 [Grinder (3)]
  2598 | D:3      | 2598 ||| Stepping ~*~*~tactically~*~*~ (hiding).
  2606 | D:3      | 2606 ||| Stepping ~*~*~tactically~*~*~ (hiding).
  2608 | D:3      | HP: 8/32 [Grinder/nerve-wracking pain (3)]
  2611 | D:3      | Killed Grinder
  2612 | D:3      | Reached skill level 5 in Axes
  2612 | D:3      | Reached XP level 6. HP: 8/37 MP: 6/6
  2882 | D:4      | 2882 ||| STAIRDANCE
  2887 | D:4      | 2887 ||| STAIRDANCE
  2895 | D:4      | 2895 ||| STAIRDANCE
  2908 | D:4      | 2908 ||| STAIRDANCE
  2970 | D:4      | HP: 9/38 [gnoll/+0 halberd (10)]
  2971 | D:4      | HP: 2/38 [gnoll/+0 halberd (8)]
  2973 | D:4      | Slain by a gnoll

Levels and vault maps discovered:
D:1:      dpeg_arrival_castle, layout_loops_ring,
          ebering_ecumenical_altar_abandoned
D:2:      layout_loops_ring, basic_altar, serial_shops,
          nicolae_shop_bloodbath_and_beyond, nicolae_shop_hallway_stairs,
          serial_rivers, chequers_serial_rivers_micro_b,
          chequers_serial_rivers_large_b, chequers_serial_rivers_marsh,
          chequers_serial_rivers_room_a, chequers_serial_rivers_small_3,
          chequers_serial_rivers_micro_a, hex_tiny
D:3:      layout_loops_cross, minmay_between, uniq_grinder, uniq_terence
D:4:      layout_rooms, general_overflow_altar, serial_glass, glass_columns_a,
          glass_columns_b

Skill      XL: |  1  2  3  4  5  6 |
---------------+-------------------+-----
Axes           | 2 3 4 5 |  5.9
Throwing       | 1 |  1.2
Fighting       | 4 |  4.0
Armour         | |  3.2
Dodging        | |  0.5
Shields        | |  3.2

Action                   |  1- 3 |  4- 6 || total
-------------------------+-------+-------++-------
Melee: War axe           |    91 |   145 ||   236
Throw: Javelin           |       |    10 ||    10
  Use: Scroll            |     3 |     5 ||     8
       Potion            |       |     3 ||     3
Armor: Scale mail        |    43 |    71 ||   114
Dodge: Dodged            |    31 |    74 ||   105
Block: Buckler           |    14 |    23 ||    37

Table legend:
 A = Non-vault XP
 B = Vault XP
 C = Vault XP percentage of total XP
 D = Non-vault monster count
 E = Vault monster count
 F = Vault count percentage of total count
                 A         B        C        D         E       F
            +---------+---------+-------+---------+---------+-------
      Total |     288 |     302 |  51.2 |      69 |       5 |   6.8
            +---------+---------+-------+---------+---------+-------
        D:1 |      58 |       0 |   0.0 |      24 |       0 |   0.0
        D:2 |      48 |       0 |   0.0 |      17 |       0 |   0.0
        D:3 |      85 |     302 |  78.0 |      21 |       5 |  19.2
        D:4 |      97 |       0 |   0.0 |       7 |       0 |   0.0
            +---------+---------+-------+---------+---------+-------
